Workbook

Sheet ANDRES FELIPE
A1: DATOS DEL BIEN | F1: VALORES UNITARIOS SIN IVA (3 cotizaciones válidas) | J1: ANÁLISIS ESTADÍSTICO | L1: IVA | M1: PRESUPUESTO OFICIAL
A2: Ítem | B2: Ficha | C2: Descripción del bien | D2: Unidad | E2: Cant. | F2: Cot.1 | G2: Cot.2 | H2: Cot.3 | I2: % IVA | J2: Promedio | K2: Mediana | L2: IVA | M2: PRECIO
F3: Fund.Social | G3: Fund. | H3: Alramec | J3: 3 cots. | K3: (sin IVA) | L3: promedio | M3: OFICIAL
F4: Creciendo | G4: Culbox | H4: SAS | J4: (sin IVA) | M4: (con IVA)
A5: 1 | B5: Ficha 1 | C5: Colchoneta plegable | D5: Unidad | E5: 6123 | F5: 196000 | G5: 251000 | H5: 120361 | I5: 0.19 | J5: 189120 | K5: 196000 | L5: 35933 | M5: 225053 | N5: =AVERAGE(F5:H5) -> 189120.33 | O5: =+N5*I5 -> 35932.863 | P5: =MEDIAN(F5:H5) -> 196000 | Q5: =+K5-P5 -> 0 | R5: =+L5+J5 -> 225053 | S5: =+K5*I5 -> 37240 | U5: =+E5*M5 -> 1377999519
A6: 2 | B6: Ficha 2 | C6: Colchoneta DRPA (no plegable, retardante) | D6: Unidad | E6: 45 | F6: 335000 | G6: 373000 | H6: 190588 | I6: 0.19 | J6: 299529 | K6: 335000 | L6: 56911 | M6: 356440 | N6: =AVERAGE(F6:H6) -> 299529.33 | O6: =+N6*I6 -> 56910.573 | P6: =MEDIAN(F6:H6) -> 335000 | Q6: =+K6-P6 -> 0 | U6: =+E6*M6 -> 16039800
A7: 3 | B7: Ficha 3 | C7: Colchoneta no plegable — Cárcel Distrital | D7: Unidad | E7: 1550 | F7: 289000 | G7: 299000 | H7: 290420 | I7: 0.19 | J7: 292807 | K7: 290420 | L7: 55633 | M7: 348440 | N7: =AVERAGE(F7:H7) -> 292806.67 | O7: =+N7*I7 -> 55633.267 | P7: =MEDIAN(F7:H7) -> 290420 | Q7: =+K7-P7 -> 0 | U7: =+E7*M7 -> 540082000
A8: 4 | B8: Ficha 4 | C8: Almohada | D8: Unidad | E8: 1640 | F8: 47000 | G8: 54000 | H8: 35487 | I8: 0.19 | J8: 45496 | K8: 47000 | L8: 8644 | M8: 54140 | N8: =AVERAGE(F8:H8) -> 45495.667 | O8: =+N8*I8 -> 8644.1767 | P8: =MEDIAN(F8:H8) -> 47000 | Q8: =+K8-P8 -> 0 | U8: =+E8*M8 -> 88789600
A9: 5 | B9: Ficha 5 | C9: Forro para colchoneta | D9: Unidad | E9: 1550 | F9: 66000 | G9: 73000 | H9: 48731 | I9: 0.19 | J9: 62577 | K9: 66000 | L9: 11890 | M9: 74467 | N9: =AVERAGE(F9:H9) -> 62577 | O9: =+N9*I9 -> 11889.63 | P9: =MEDIAN(F9:H9) -> 66000 | Q9: =+K9-P9 -> 0 | U9: =+E9*M9 -> 115423850
A10: 6 | B10: Ficha 6 | C10: Ropa de cama (sábana, sobresábana y funda) DRPA | D10: Juego | E10: 90 | F10: 78000 | G10: 86000 | H10: 120866 | I10: 0.19 | J10: 94955 | K10: 86000 | L10: 18042 | M10: 112997 | N10: =AVERAGE(F10:H10) -> 94955.333 | O10: =+N10*I10 -> 18041.513 | P10: =MEDIAN(F10:H10) -> 86000 | Q10: =+K10-P10 -> 0 | U10: =+E10*M10 -> 10169730
A11: 7 | B11: Ficha 7 | C11: Cobija térmica DRPA | D11: Unidad | E11: 180 | F11: 69900 | G11: 75000 | H11: 60000 | I11: 0.19 | J11: 68300 | K11: 69900 | L11: 12977 | M11: 81277 | N11: =AVERAGE(F11:H11) -> 68300 | O11: =+N11*I11 -> 12977 | P11: =MEDIAN(F11:H11) -> 69900 | Q11: =+K11-P11 -> 0 | U11: =+E11*M11 -> 14629860
A12: 8 | B12: Ficha 8 | C12: Cubrelecho térmico | D12: Unidad | E12: 90 | F12: 102600 | G12: 112000 | H12: 190000 | I12: 0.19 | J12: 134867 | K12: 112000 | L12: 25625 | M12: 160491 | N12: =AVERAGE(F12:H12) -> 134866.67 | O12: =+N12*I12 -> 25624.667 | P12: =MEDIAN(F12:H12) -> 112000 | Q12: =+K12-P12 -> 0 | U12: =+E12*M12 -> 14444190
A13: 9 | B13: Ficha 9 | C13: Cobija (Cárcel Distrital / CDT) | D13: Unidad | E13: 1550 | F13: 73200 | G13: 83000 | H13: 70000 | I13: 0.19 | J13: 75400 | K13: 73200 | L13: 14326 | M13: 89726 | N13: =AVERAGE(F13:H13) -> 75400 | O13: =+N13*I13 -> 14326 | P13: =MEDIAN(F13:H13) -> 73200 | Q13: =+K13-P13 -> 0 | U13: =+E13*M13 -> 139075300
A14: 10 | B14: Ficha 10 | C14: Toalla de cuerpo | D14: Unidad | E14: 1640 | F14: 67000 | G14: 63000 | H14: 60000 | I14: 0.19 | J14: 63333 | K14: 63000 | L14: 12033 | M14: 75367 | N14: =AVERAGE(F14:H14) -> 63333.333 | O14: =+N14*I14 -> 12033.333 | P14: =MEDIAN(F14:H14) -> 63000 | Q14: =+K14-P14 -> 0 | U14: =+E14*M14 -> 123601880
A15: TOTALES — PRESUPUESTO OFICIAL | F15: 2094689000 | G15: 2482108000 | H15: 1575107533 | J15: 2050634844 | K15: 2091896000 | L15: 389620620 | M15: 2440255465 | U15: =SUM(U5:U14) -> 2440255729

Sheet CON HISTORICO
I1: =+'IPC PARA INDEXAR'!Y26/100 -> 0.0429
A2: DATOS DEL BIEN | F2: VALORES UNITARIOS SIN IVA (3 cotizaciones válidas) | I2: VR HISTORICO SIN IVA | K2: ANÁLISIS ESTADÍSTICO | M2: IVA
A3: Ítem | B3: Ficha | C3: Descripción del bien | D3: Unidad | E3: Cant. | F3: Cot.1 | G3: Cot.2 | H3: Cot.3 | I3: Histórico | J3: % IVA | K3: Promedio | L3: Mediana | M3: IVA | N3: PRECIO UNITARIO | O3: PRESUPUESTO OFICIAL TOTAL CON IVA | S3: Histórico | T3: Histórico
F4: Fund.Social | G4: Fund. | H4: Alramec | I4: GRUPO EMPRESARIAL JL SEFAIR S.A.S. | K4: 3 cots. | L4: (sin IVA) | M4: promedio | N4: OFICIAL | S4: GRUPO EMPRESARIAL JL SEFAIR S.A.S. | T4: GRUPO EMPRESARIAL JL SEFAIR S.A.S.
F5: Creciendo | G5: Culbox | H5: SAS | K5: (sin IVA) | N5: (con IVA) | S5: VR con IVA | T5: VR sin IVA
A6: 1 | B6: Ficha 1 | C6: Colchoneta plegable | D6: Unidad | E6: 6123 | F6: 196000 | G6: 251000 | H6: 120361 | I6: =+T6*(1+$I$1) -> 148109.33 | J6: 0.19 | K6: =AVERAGE(F6:I6) -> 178867.58 | L6: =MEDIAN(F6:I6) -> 172054.66 | M6: =+J6*K6 -> 33984.841 | N6: =+K6+M6 -> 212852.42 | O6: =+E6*N6 -> 1.3032954e+09 | P6: =AVERAGE(F6:H6) -> 189120.33 | Q6: =+P6*J6 -> 35932.863 | S6: 169000 | T6: =+S6/1.19 -> 142016.81
A7: 2 | B7: Ficha 2 | C7: Colchoneta DRPA (no plegable, retardante) | D7: Unidad | E7: 45 | F7: 335000 | G7: 373000 | H7: 190588 | I7: =+T7*(1+$I$1) -> 0 | J7: 0.19 | K7: =AVERAGE(F7:H7) -> 299529.33 | L7: =MEDIAN(F7:H7) -> 335000 | M7: =+J7*K7 -> 56910.573 | N7: =+K7+M7 -> 356439.91 | O7: =+E7*N7 -> 16039796 | P7: =AVERAGE(F7:H7) -> 299529.33 | Q7: =+P7*J7 -> 56910.573 | T7: =+S7/1.19 -> 0
A8: 3 | B8: Ficha 3 | C8: Colchoneta no plegable — Cárcel Distrital | D8: Unidad | E8: 1550 | F8: 289000 | G8: 299000 | H8: 290420 | I8: =+T8*(1+$I$1) -> 305858.91 | J8: 0.19 | K8: =AVERAGE(F8:I8) -> 296069.73 | L8: =MEDIAN(F8:I8) -> 294710 | M8: =+J8*K8 -> 56253.248 | N8: =+K8+M8 -> 352322.97 | O8: =+E8*N8 -> 5.4610061e+08 | P8: =AVERAGE(F8:H8) -> 292806.67 | Q8: =+P8*J8 -> 55633.267 | S8: 349000 | T8: =+S8/1.19 -> 293277.31
A9: 4 | B9: Ficha 4 | C9: Almohada | D9: Unidad | E9: 1640 | F9: 47000 | G9: 54000 | H9: 35487 | I9: =+T9*(1+$I$1) -> 33302.689 | J9: 0.19 | K9: =AVERAGE(F9:I9) -> 42447.422 | L9: =MEDIAN(F9:I9) -> 41243.5 | M9: =+J9*K9 -> 8065.0102 | N9: =+K9+M9 -> 50512.432 | O9: =+E9*N9 -> 82840389 | P9: =AVERAGE(F9:H9) -> 45495.667 | Q9: =+P9*J9 -> 8644.1767 | S9: 38000 | T9: =+S9/1.19 -> 31932.773
A10: 5 | B10: Ficha 5 | C10: Forro para colchoneta | D10: Unidad | E10: 1550 | F10: 66000 | G10: 73000 | H10: 48731 | I10: =+T10*(1+$I$1) -> 49077.647 | J10: 0.19 | K10: =AVERAGE(F10:I10) -> 59202.162 | L10: =MEDIAN(F10:I10) -> 57538.824 | M10: =+J10*K10 -> 11248.411 | N10: =+K10+M10 -> 70450.572 | O10: =+E10*N10 -> 1.0919839e+08 | P10: =AVERAGE(F10:H10) -> 62577 | Q10: =+P10*J10 -> 11889.63 | S10: 56000 | T10: =+S10/1.19 -> 47058.824
A11: 6 | B11: Ficha 6 | C11: Ropa de cama (sábana, sobresábana y funda) DRPA | D11: Juego | E11: 90 | F11: 78000 | G11: 86000 | H11: 120866 | I11: 0 | J11: 0.19 | K11: =AVERAGE(F11:H11) -> 94955.333 | L11: =MEDIAN(F11:H11) -> 86000 | M11: =+J11*K11 -> 18041.513 | N11: =+K11+M11 -> 112996.85 | O11: =+E11*N11 -> 10169716 | P11: =AVERAGE(F11:H11) -> 94955.333 | Q11: =+P11*J11 -> 18041.513 | S11: 67000 | T11: =+S11/1.19 -> 56302.521
A12: 7 | B12: Ficha 7 | C12: Cobija térmica DRPA | D12: Unidad | E12: 180 | F12: 69900 | G12: 75000 | H12: 60000 | I12: =+T12*(1+$I$1) -> 0 | J12: 0.19 | K12: =AVERAGE(F12:H12) -> 68300 | L12: =MEDIAN(F12:H12) -> 69900 | M12: =+J12*K12 -> 12977 | N12: =+K12+M12 -> 81277 | O12: =+E12*N12 -> 14629860 | P12: =AVERAGE(F12:H12) -> 68300 | Q12: =+P12*J12 -> 12977 | T12: =+S12/1.19 -> 0
A13: 8 | B13: Ficha 8 | C13: Cubrelecho térmico | D13: Unidad | E13: 90 | F13: 102600 | G13: 112000 | H13: 190000 | I13: =+T13*(1+$I$1) -> 0 | J13: 0.19 | K13: =AVERAGE(F13:H13) -> 134866.67 | L13: =MEDIAN(F13:H13) -> 112000 | M13: =+J13*K13 -> 25624.667 | N13: =+K13+M13 -> 160491.33 | O13: =+E13*N13 -> 14444220 | P13: =AVERAGE(F13:H13) -> 134866.67 | Q13: =+P13*J13 -> 25624.667 | T13: =+S13/1.19 -> 0
A14: 9 | B14: Ficha 9 | C14: Cobija (Cárcel Distrital / CDT) | D14: Unidad | E14: 1550 | F14: 73200 | G14: 83000 | H14: 70000 | I14: 0 | J14: 0.19 | K14: =AVERAGE(F14:H14) -> 75400 | L14: =MEDIAN(F14:H14) -> 73200 | M14: =+J14*K14 -> 14326 | N14: =+K14+M14 -> 89726 | O14: =+E14*N14 -> 139075300 | P14: =AVERAGE(F14:H14) -> 75400 | Q14: =+P14*J14 -> 14326 | S14: 55000 | T14: =+S14/1.19 -> 46218.487
A15: 10 | B15: Ficha 10 | C15: Toalla de cuerpo | D15: Unidad | E15: 1640 | F15: 67000 | G15: 63000 | H15: 60000 | I15: =+T15*(1+$I$1) -> 49077.647 | J15: 0.19 | K15: =AVERAGE(F15:I15) -> 59769.412 | L15: =MEDIAN(F15:I15) -> 61500 | M15: =+J15*K15 -> 11356.188 | N15: =+K15+M15 -> 71125.6 | O15: =+E15*N15 -> 1.1664598e+08 | P15: =AVERAGE(F15:H15) -> 63333.333 | Q15: =+P15*J15 -> 12033.333 | R15: =+P15+Q15 -> 75366.667 | S15: 56000 | T15: =+S15/1.19 -> 47058.824
A16: TOTALES — PRESUPUESTO OFICIAL | F16: 2094689000 | G16: 2482108000 | H16: 1575107533 | I16: =SUM(I6:I15) -> 585426.22 | K16: =SUM(K6:K15) -> 1309407.6 | L16: =SUM(L6:L15) -> 1303147 | M16: =SUM(M6:M15) -> 248787.45 | N16: =SUM(N6:N15) -> 1558195.1 | O16: =SUM(O6:O15) -> 2.3524396e+09

Sheet IPC PARA INDEXAR
A3: Colombia, Indice de Precios al Consumidor (IPC)
A5: Variaciones porcentuales 2003 - 2026
A6: AÑO 2026, MES 5 | Y6: Base Diciembre de 2018 = 100,00
A7: Mes | B7: 2003 | C7: 2004 | D7: 2005 | E7: 2006 | F7: 2007 | G7: 2008 | H7: 2009 | I7: 2010 | J7: 2011 | K7: 2012 | L7: 2013 | M7: 2014 | N7: 2015 | O7: 2016 | P7: 2017 | Q7: 2018 | R7: 2019 | S7: 2020 | T7: 2021 | U7: 2022 | V7: 2023 | W7: 2024 | X7: 2025 | Y7: 2026
A8: Enero | B8: 1.17 | C8: 0.89 | D8: 0.82 | E8: 0.54 | F8: 0.77 | G8: 1.06 | H8: 0.59 | I8: 0.69 | J8: 0.91 | K8: 0.73 | L8: 0.3 | M8: 0.49 | N8: 0.64 | O8: 1.29 | P8: 1.02 | Q8: 0.63 | R8: 0.6 | S8: 0.42 | T8: 0.41 | U8: 1.67 | V8: 1.78 | W8: 0.92 | X8: 0.94 | Y8: 1.18
A9: Febrero | B9: 1.11 | C9: 1.2 | D9: 1.02 | E9: 0.66 | F9: 1.17 | G9: 1.51 | H9: 0.84 | I9: 0.83 | J9: 0.6 | K9: 0.61 | L9: 0.44 | M9: 0.63 | N9: 1.15 | O9: 1.28 | P9: 1.01 | Q9: 0.71 | R9: 0.57 | S9: 0.67 | T9: 0.64 | U9: 1.63 | V9: 1.66 | W9: 1.09 | X9: 1.14 | Y9: 1.08
A10: Marzo | B10: 1.05 | C10: 0.98 | D10: 0.77 | E10: 0.7 | F10: 1.21 | G10: 0.81 | H10: 0.5 | I10: 0.25 | J10: 0.27 | K10: 0.12 | L10: 0.21 | M10: 0.39 | N10: 0.59 | O10: 0.94 | P10: 0.47 | Q10: 0.24 | R10: 0.43 | S10: 0.57 | T10: 0.51 | U10: 1 | V10: 1.05 | W10: 0.7 | X10: 0.52 | Y10: 0.78
A11: Abril | B11: 1.15 | C11: 0.46 | D11: 0.44 | E11: 0.45 | F11: 0.9 | G11: 0.71 | H11: 0.32 | I11: 0.46 | J11: 0.12 | K11: 0.14 | L11: 0.25 | M11: 0.46 | N11: 0.54 | O11: 0.5 | P11: 0.47 | Q11: 0.46 | R11: 0.5 | S11: 0.16 | T11: 0.59 | U11: 1.25 | V11: 0.78 | W11: 0.59 | X11: 0.66 | Y11: 0.78
A12: Mayo | B12: 0.49 | C12: 0.38 | D12: 0.41 | E12: 0.33 | F12: 0.3 | G12: 0.93 | H12: 0.01 | I12: 0.1 | J12: 0.28 | K12: 0.3 | L12: 0.28 | M12: 0.48 | N12: 0.26 | O12: 0.51 | P12: 0.23 | Q12: 0.25 | R12: 0.31 | S12: -0.32 | T12: 1 | U12: 0.84 | V12: 0.43 | W12: 0.43 | X12: 0.32 | Y12: 0.47
A13: Junio | B13: -0.05 | C13: 0.6 | D13: 0.4 | E13: 0.3 | F13: 0.12 | G13: 0.86 | H13: -0.06 | I13: 0.11 | J13: 0.32 | K13: 0.08 | L13: 0.23 | M13: 0.09 | N13: 0.1 | O13: 0.48 | P13: 0.11 | Q13: 0.15 | R13: 0.27 | S13: -0.38 | T13: -0.05 | U13: 0.51 | V13: 0.3 | W13: 0.32 | X13: 0.1
A14: Julio | B14: -0.14 | C14: -0.03 | D14: 0.05 | E14: 0.41 | F14: 0.17 | G14: 0.48 | H14: -0.04 | I14: -0.04 | J14: 0.14 | K14: -0.02 | L14: 0.04 | M14: 0.15 | N14: 0.19 | O14: 0.52 | P14: -0.05 | Q14: -0.13 | R14: 0.22 | S14: 0 | T14: 0.32 | U14: 0.81 | V14: 0.5 | W14: 0.2 | X14: 0.28
A15: Agosto | B15: 0.31 | C15: 0.03 | D15: 0 | E15: 0.39 | F15: -0.13 | G15: 0.19 | H15: 0.04 | I15: 0.11 | J15: -0.03 | K15: 0.04 | L15: 0.08 | M15: 0.2 | N15: 0.48 | O15: -0.32 | P15: 0.14 | Q15: 0.12 | R15: 0.09 | S15: -0.01 | T15: 0.45 | U15: 1.02 | V15: 0.7 | W15: 0 | X15: 0.19
A16: Septiembre | B16: 0.22 | C16: 0.3 | D16: 0.43 | E16: 0.29 | F16: 0.08 | G16: -0.19 | H16: -0.11 | I16: -0.14 | J16: 0.31 | K16: 0.29 | L16: 0.29 | M16: 0.14 | N16: 0.72 | O16: -0.05 | P16: 0.04 | Q16: 0.16 | R16: 0.23 | S16: 0.32 | T16: 0.38 | U16: 0.93 | V16: 0.54 | W16: 0.24 | X16: 0.32
A17: Octubre | B17: 0.06 | C17: -0.01 | D17: 0.23 | E17: -0.14 | F17: 0.01 | G17: 0.35 | H17: -0.13 | I17: -0.09 | J17: 0.19 | K17: 0.16 | L17: -0.26 | M17: 0.16 | N17: 0.68 | O17: -0.06 | P17: 0.02 | Q17: 0.12 | R17: 0.16 | S17: -0.06 | T17: 0.01 | U17: 0.72 | V17: 0.25 | W17: -0.13 | X17: 0.18
A18: Noviembre | B18: 0.35 | C18: 0.28 | D18: 0.11 | E18: 0.24 | F18: 0.47 | G18: 0.28 | H18: -0.07 | I18: 0.19 | J18: 0.14 | K18: -0.14 | L18: -0.22 | M18: 0.13 | N18: 0.6 | O18: 0.11 | P18: 0.18 | Q18: 0.12 | R18: 0.1 | S18: -0.15 | T18: 0.5 | U18: 0.77 | V18: 0.47 | W18: 0.27 | X18: 0.07
A19: Diciembre | B19: 0.61 | C19: 0.3 | D19: 0.07 | E19: 0.23 | F19: 0.49 | G19: 0.44 | H19: 0.08 | I19: 0.65 | J19: 0.42 | K19: 0.09 | L19: 0.26 | M19: 0.27 | N19: 0.62 | O19: 0.42 | P19: 0.38 | Q19: 0.3 | R19: 0.26 | S19: 0.38 | T19: 0.73 | U19: 1.26 | V19: 0.45 | W19: 0.46 | X19: 0.27
A20: En año corrido | B20: 6.49 | C20: 5.5 | D20: 4.85 | E20: 4.48 | F20: 5.69 | G20: 7.67 | H20: 2 | I20: 3.17 | J20: 3.73 | K20: 2.44 | L20: 1.94 | M20: 3.66 | N20: 6.77 | O20: 5.75 | P20: 4.09 | Q20: 3.18 | R20: 3.8 | S20: 1.61 | T20: 5.62 | U20: 13.12 | V20: 9.28 | W20: 5.2 | X20: 5.1 | Y20: 4.36
A22: Fuente: DANE.
A23: Nota: La diferencia en la suma de las variables, obedece al sistema de aproximación y redondeo.
A24: Actualizado el 5 de Junio de 2026
V26: =SUM(V18:V19) -> 0.92 | W26: =+W20 -> 5.2 | X26: =+X20 -> 5.1 | Y26: =SUM(Y8:Y12) -> 4.29
Y27: =+V26+W26+X26+Y26 -> 15.51

Sheet HISTORICO CON ALRAMEC
I1: =+'IPC PARA INDEXAR'!Y26/100 -> 0.0429
A2: DATOS DEL BIEN | F2: VALORES UNITARIOS CON IVA (3 cotizaciones válidas) | I2: VR HISTORICO INDEXADO 4,29% (IPC ENE-MAY 2026) | J2: ANÁLISIS ESTADÍSTICO
A3: Ítem | B3: Ficha | C3: Descripción del bien | D3: Unidad | E3: Cant. | F3: Cot.1 | G3: Cot.2 | H3: Cot.3 | I3: Histórico | J3: Promedio | K3: Mediana | L3: PRECIO UNITARIO | M3: PRESUPUESTO OFICIAL TOTAL | O3: Histórico
F4: Fund.Social Creciendo | G4: Fund. Culbox | H4: Alramec SAS | I4: GRUPO EMPRESARIAL JL SEFAIR S.A.S. SCJ-2328-2025 | J4: PRECIO UNITARIO | L4: OFICIAL | O4: GRUPO EMPRESARIAL JL SEFAIR S.A.S.
A5: 1 | B5: Ficha 1 | C5: Colchoneta plegable | D5: Unidad | E5: 6123 | F5: 233240 | G5: 298690 | H5: 143229.59 | I5: =+O5*(1+$I$1) -> 176250.1 | J5: =AVERAGE(F5:I5) -> 212852.42 | K5: =MEDIAN(F5:I5) -> 204745.05 | L5: =+J5 -> 212852.42 | M5: =+E5*L5 -> 1.3032954e+09 | O5: 169000
A6: 2 | B6: Ficha 2 | C6: Colchoneta DRPA (no plegable, retardante) | D6: Unidad | E6: 45 | F6: 398650 | G6: 443870 | H6: 226799.72 | I6: 0 | J6: =AVERAGE(F6:H6) -> 356439.91 | K6: =MEDIAN(F6:H6) -> 398650 | L6: =+J6 -> 356439.91 | M6: =+E6*L6 -> 16039796
A7: 3 | B7: Ficha 3 | C7: Colchoneta no plegable (Cárcel Distrital) | D7: Unidad | E7: 1550 | F7: 343910 | G7: 355810 | H7: 345599.8 | I7: =+O7*(1+$I$1) -> 363972.1 | J7: =AVERAGE(F7:I7) -> 352322.97 | K7: =MEDIAN(F7:I7) -> 350704.9 | L7: =+J7 -> 352322.97 | M7: =+E7*L7 -> 5.4610061e+08 | O7: 349000
A8: 4 | B8: Ficha 4 | C8: Almohada | D8: Unidad | E8: 1640 | F8: 55930 | G8: 64260 | H8: 42229.53 | I8: =+O8*(1+$I$1) -> 39630.2 | J8: =AVERAGE(F8:I8) -> 50512.432 | K8: =MEDIAN(F8:I8) -> 49079.765 | L8: =+J8 -> 50512.432 | M8: =+E8*L8 -> 82840389 | O8: 38000
A9: 5 | B9: Ficha 5 | C9: Forro para colchoneta | D9: Unidad | E9: 1550 | F9: 78540 | G9: 86870 | H9: 57989.89 | I9: =+O9*(1+$I$1) -> 58402.4 | J9: =AVERAGE(F9:I9) -> 70450.573 | K9: =MEDIAN(F9:I9) -> 68471.2 | L9: =+J9 -> 70450.573 | M9: =+E9*L9 -> 1.0919839e+08 | O9: 56000
A10: 6 | B10: Ficha 6 | C10: Ropa de cama (sábana, sobresábana y funda) DRPA | D10: Juego | E10: 90 | F10: 92820 | G10: 102340 | H10: 143830.54 | I10: 0 | J10: =AVERAGE(F10:H10) -> 112996.85 | K10: =MEDIAN(F10:H10) -> 102340 | L10: =+J10 -> 112996.85 | M10: =+E10*L10 -> 10169716 | O10: 67000
A11: 7 | B11: Ficha 7 | C11: Cobija térmica DRPA | D11: Unidad | E11: 180 | F11: 83181 | G11: 89250 | H11: 71400 | I11: 0 | J11: =AVERAGE(F11:H11) -> 81277 | K11: =MEDIAN(F11:H11) -> 83181 | L11: =+J11 -> 81277 | M11: =+E11*L11 -> 14629860
A12: 8 | B12: Ficha 8 | C12: Cubrelecho térmico | D12: Unidad | E12: 90 | F12: 122094 | G12: 133280 | H12: 226100 | I12: 0 | J12: =AVERAGE(F12:H12) -> 160491.33 | K12: =MEDIAN(F12:H12) -> 133280 | L12: =+J12 -> 160491.33 | M12: =+E12*L12 -> 14444220
A13: 9 | B13: Ficha 9 | C13: Cobija (Cárcel Distrital / CDT) | D13: Unidad | E13: 1550 | F13: 87108 | G13: 98770 | H13: 83300 | I13: 0 | J13: =AVERAGE(F13:H13) -> 89726 | K13: =MEDIAN(F13:H13) -> 87108 | L13: =+J13 -> 89726 | M13: =+E13*L13 -> 139075300 | O13: 55000
A14: 10 | B14: Ficha 10 | C14: Toalla de cuerpo | D14: Unidad | E14: 1640 | F14: 79730 | G14: 74970 | H14: 71400 | I14: =+O14*(1+$I$1) -> 58402.4 | J14: =AVERAGE(F14:I14) -> 71125.6 | K14: =MEDIAN(F14:I14) -> 73185 | L14: =+J14 -> 71125.6 | M14: =+E14*L14 -> 1.1664598e+08 | O14: 56000
A15: TOTALES — PRESUPUESTO OFICIAL | F15: =SUM(F5:F14) -> 1575203 | G15: =SUM(G5:G14) -> 1748110 | H15: =SUM(H5:H14) -> 1411879.1 | I15: =SUM(I5:I14) -> 696657.2 | J15: =SUM(J5:J14) -> 1558195.1 | K15: =SUM(K5:K14) -> 1550744.9 | L15: =SUM(L5:L14) -> 1558195.1 | M15: =SUM(M5:M14) -> 2.3524396e+09
B17: * Valores unitarios incluyen IVA

Sheet HISTORICO SIN ALRAMEC 
H1: =+'IPC PARA INDEXAR'!Y26/100 -> 0.0429
A2: DATOS DEL BIEN | F2: VALORES UNITARIOS CON IVA (3 cotizaciones válidas) | H2: VR HISTORICO INDEXADO 4,29% (IPC ENE-MAY 2026) | I2: ANÁLISIS ESTADÍSTICO
A3: Ítem | B3: Ficha | C3: Descripción del bien | D3: Unidad | E3: Cant. | F3: Cot.1 | G3: Cot.2 | H3: Histórico | I3: Promedio | J3: Mediana | K3: PRECIO UNITARIO | L3: PRESUPUESTO OFICIAL TOTAL | N3: Histórico
F4: Fund.Social | G4: Fund. | H4: GRUPO EMPRESARIAL JL SEFAIR S.A.S. | K4: OFICIAL | N4: GRUPO EMPRESARIAL JL SEFAIR S.A.S.
F5: Creciendo | G5: Culbox | N5: VR con IVA
A6: 1 | B6: Ficha 1 | C6: Colchoneta plegable | D6: Unidad | E6: 6123 | F6: 233240 | G6: 298690 | H6: =+N6*(1+$H$1) -> 176250.1 | I6: =AVERAGE(F6:H6) -> 236060.03 | J6: =MEDIAN(F6:H6) -> 233240 | K6: =+I6 -> 236060.03 | L6: =+E6*K6 -> 1.4453956e+09 | N6: 169000
A7: 2 | B7: Ficha 2 | C7: Colchoneta DRPA (no plegable, retardante) | D7: Unidad | E7: 45 | F7: 398650 | G7: 443870 | H7: 0 | I7: =AVERAGE(F7:G7) -> 421260 | J7: =MEDIAN(F7:G7) -> 421260 | K7: =+I7 -> 421260 | L7: =+E7*K7 -> 18956700
A8: 3 | B8: Ficha 3 | C8: Colchoneta no plegable — Cárcel Distrital | D8: Unidad | E8: 1550 | F8: 343910 | G8: 355810 | H8: =+N8*(1+$H$1) -> 363972.1 | I8: =AVERAGE(F8:H8) -> 354564.03 | J8: =MEDIAN(F8:H8) -> 355810 | K8: =+I8 -> 354564.03 | L8: =+E8*K8 -> 5.4957425e+08 | N8: 349000
A9: 4 | B9: Ficha 4 | C9: Almohada | D9: Unidad | E9: 1640 | F9: 55930 | G9: 64260 | H9: =+N9*(1+$H$1) -> 39630.2 | I9: =AVERAGE(F9:H9) -> 53273.4 | J9: =MEDIAN(F9:H9) -> 55930 | K9: =+I9 -> 53273.4 | L9: =+E9*K9 -> 87368376 | N9: 38000
A10: 5 | B10: Ficha 5 | C10: Forro para colchoneta | D10: Unidad | E10: 1550 | F10: 78540 | G10: 86870 | H10: =+N10*(1+$H$1) -> 58402.4 | I10: =AVERAGE(F10:H10) -> 74604.133 | J10: =MEDIAN(F10:H10) -> 78540 | K10: =+I10 -> 74604.133 | L10: =+E10*K10 -> 1.1563641e+08 | N10: 56000
A11: 6 | B11: Ficha 6 | C11: Ropa de cama (sábana, sobresábana y funda) DRPA | D11: Juego | E11: 90 | F11: 92820 | G11: 102340 | I11: =AVERAGE(F11:G11) -> 97580 | J11: =MEDIAN(F11:G11) -> 97580 | K11: =+I11 -> 97580 | L11: =+E11*K11 -> 8782200 | N11: 67000
A12: 7 | B12: Ficha 7 | C12: Cobija térmica DRPA | D12: Unidad | E12: 180 | F12: 83181 | G12: 89250 | H12: 0 | I12: =AVERAGE(F12:G12) -> 86215.5 | J12: =MEDIAN(F12:G12) -> 86215.5 | K12: =+I12 -> 86215.5 | L12: =+E12*K12 -> 15518790
A13: 8 | B13: Ficha 8 | C13: Cubrelecho térmico | D13: Unidad | E13: 90 | F13: 122094 | G13: 133280 | H13: 0 | I13: =AVERAGE(F13:G13) -> 127687 | J13: =MEDIAN(F13:G13) -> 127687 | K13: =+I13 -> 127687 | L13: =+E13*K13 -> 11491830
A14: 9 | B14: Ficha 9 | C14: Cobija (Cárcel Distrital / CDT) | D14: Unidad | E14: 1550 | F14: 87108 | G14: 98770 | I14: =AVERAGE(F14:G14) -> 92939 | J14: =MEDIAN(F14:G14) -> 92939 | K14: =+I14 -> 92939 | L14: =+E14*K14 -> 144055450 | N14: 55000
A15: 10 | B15: Ficha 10 | C15: Toalla de cuerpo | D15: Unidad | E15: 1640 | F15: 79730 | G15: 74970 | H15: =+N15*(1+$H$1) -> 58402.4 | I15: =AVERAGE(F15:H15) -> 71034.133 | J15: =MEDIAN(F15:H15) -> 74970 | K15: =+I15 -> 71034.133 | L15: =+E15*K15 -> 1.1649598e+08 | N15: 56000
A16: TOTALES — PRESUPUESTO OFICIAL | F16: =SUM(F6:F15) -> 1575203 | G16: =SUM(G6:G15) -> 1748110 | H16: =SUM(H6:H15) -> 696657.2 | I16: =SUM(I6:I15) -> 1615217.2 | J16: =SUM(J6:J15) -> 1624171.5 | K16: =SUM(K6:K15) -> 1615217.2 | L16: =SUM(L6:L15) -> 2.5132756e+09
B18: * Valores unitarios incluyen IVA | L18: 2432536247
L19: =+L16-L18 -> 80739320
L20: =+L19/L18 -> 0.033191415

Sheet SOLO HISTORI
F1: =+'IPC PARA INDEXAR'!Y26/100 -> 0.0429
A2: DATOS DEL BIEN
A3: Ítem | B3: Ficha | C3: Descripción del bien | D3: Unidad | E3: VR HISTORICO INDEXADO 4,29% (IPC ENE-MAY 2026) | H3: Histórico
E4: GRUPO EMPRESARIAL JL SEFAIR S.A.S. SCJ-2328-2025 | F4: GRUPO EMPRESARIAL JL SEFAIR S.A.S. | H4: GRUPO EMPRESARIAL JL SEFAIR S.A.S.
A5: 1 | B5: Ficha 1 | C5: Colchoneta plegable | D5: Unidad | E5: 169000 | F5: =+H5*(1+$F$1) -> 176250.1 | H5: 169000
A6: 2 | B6: Ficha 2 | C6: Colchoneta DRPA (no plegable, retardante) | D6: Unidad | E6: 0 | F6: *
A7: 3 | B7: Ficha 3 | C7: Colchoneta no plegable — Cárcel Distrital | D7: Unidad | E7: 349000 | F7: =+H7*(1+$F$1) -> 363972.1 | H7: 349000
A8: 4 | B8: Ficha 4 | C8: Almohada | D8: Unidad | E8: 38000 | F8: =+H8*(1+$F$1) -> 39630.2 | H8: 38000
A9: 5 | B9: Ficha 5 | C9: Forro para colchoneta | D9: Unidad | E9: 56000 | F9: =+H9*(1+$F$1) -> 58402.4 | H9: 56000
A10: 6 | B10: Ficha 6 | C10: Ropa de cama (sábana, sobresábana y funda) DRPA | D10: Juego | E10: 67000 | F10: ** | H10: 67000
A11: 7 | B11: Ficha 7 | C11: Cobija térmica DRPA | D11: Unidad | E11: 0 | F11: *
A12: 8 | B12: Ficha 8 | C12: Cubrelecho térmico | D12: Unidad | E12: 0 | F12: *
A13: 9 | B13: Ficha 9 | C13: Cobija (Cárcel Distrital / CDT) | D13: Unidad | E13: 55000 | F13: ** | H13: 55000
A14: 10 | B14: Ficha 10 | C14: Toalla de cuerpo | D14: Unidad | E14: 56000 | F14: =+H14*(1+$F$1) -> 58402.4 | H14: 56000
A15: TOTALES — PRESUPUESTO OFICIAL | F15: =SUM(F5:F14) -> 696657.2
A16: * Este ITEM no estaba en el proceso de referencia CJ-2328-2025
A17: ** Cambiaron las caracterísitcas tecnicas de item por lo tanto no se tiene en cuenta

Sheet HISTORICO SIN ALRAMEC UNITARIOS
G1: =+'IPC PARA INDEXAR'!Y26/100 -> 0.0429
A2: DATOS DEL BIEN | E2: VALORES UNITARIOS CON IVA (3 cotizaciones válidas) | G2: VR HISTORICO INDEXADO 4,29% (IPC ENE-MAY 2026) | H2: ANÁLISIS ESTADÍSTICO
A3: Ítem | B3: Ficha | C3: Descripción del bien | D3: Unidad | E3: Cot.1 | F3: Cot.2 | G3: Histórico | H3: Promedio | I3: Mediana | K3: Histórico
E4: Fund.Social Creciendo | F4: Fund.Culbox | G4: GRUPO EMPRESARIAL JL SEFAIR S.A.S. | H4: PRECIO UNITARIO | K4: GRUPO EMPRESARIAL JL SEFAIR S.A.S.
A5: 1 | B5: Ficha 1 | C5: Colchoneta plegable | D5: Unidad | E5: 233240 | F5: 298690 | G5: =+K5*(1+$G$1) -> 176250.1 | H5: =AVERAGE(E5:G5) -> 236060.03 | I5: =MEDIAN(E5:G5) -> 233240 | K5: 169000
A6: 2 | B6: Ficha 2 | C6: Colchoneta DRPA (no plegable, retardante) | D6: Unidad | E6: 398650 | F6: 443870 | G6: 0 | H6: =AVERAGE(E6:F6) -> 421260 | I6: =MEDIAN(E6:F6) -> 421260
A7: 3 | B7: Ficha 3 | C7: Colchoneta no plegable — Cárcel Distrital | D7: Unidad | E7: 343910 | F7: 355810 | G7: =+K7*(1+$G$1) -> 363972.1 | H7: =AVERAGE(E7:G7) -> 354564.03 | I7: =MEDIAN(E7:G7) -> 355810 | K7: 349000
A8: 4 | B8: Ficha 4 | C8: Almohada | D8: Unidad | E8: 55930 | F8: 64260 | G8: =+K8*(1+$G$1) -> 39630.2 | H8: =AVERAGE(E8:G8) -> 53273.4 | I8: =MEDIAN(E8:G8) -> 55930 | K8: 38000
A9: 5 | B9: Ficha 5 | C9: Forro para colchoneta | D9: Unidad | E9: 78540 | F9: 86870 | G9: =+K9*(1+$G$1) -> 58402.4 | H9: =AVERAGE(E9:G9) -> 74604.133 | I9: =MEDIAN(E9:G9) -> 78540 | K9: 56000
A10: 6 | B10: Ficha 6 | C10: Ropa de cama (sábana, sobresábana y funda) DRPA | D10: Juego | E10: 92820 | F10: 102340 | H10: =AVERAGE(E10:F10) -> 97580 | I10: =MEDIAN(E10:F10) -> 97580 | K10: 67000
A11: 7 | B11: Ficha 7 | C11: Cobija térmica DRPA | D11: Unidad | E11: 83181 | F11: 89250 | G11: 0 | H11: =AVERAGE(E11:F11) -> 86215.5 | I11: =MEDIAN(E11:F11) -> 86215.5
A12: 8 | B12: Ficha 8 | C12: Cubrelecho térmico | D12: Unidad | E12: 122094 | F12: 133280 | G12: 0 | H12: =AVERAGE(E12:F12) -> 127687 | I12: =MEDIAN(E12:F12) -> 127687
A13: 9 | B13: Ficha 9 | C13: Cobija (Cárcel Distrital / CDT) | D13: Unidad | E13: 87108 | F13: 98770 | H13: =AVERAGE(E13:F13) -> 92939 | I13: =MEDIAN(E13:F13) -> 92939 | K13: 55000
A14: 10 | B14: Ficha 10 | C14: Toalla de cuerpo | D14: Unidad | E14: 79730 | F14: 74970 | G14: =+K14*(1+$G$1) -> 58402.4 | H14: =AVERAGE(E14:G14) -> 71034.133 | I14: =MEDIAN(E14:G14) -> 74970 | K14: 56000
A15: TOTALES — PRESUPUESTO OFICIAL | E15: =SUM(E5:E14) -> 1575203 | F15: =SUM(F5:F14) -> 1748110 | G15: =SUM(G5:G14) -> 696657.2 | H15: =SUM(H5:H14) -> 1615217.2 | I15: =SUM(I5:I14) -> 1624171.5
A16: * Valores unitarios incluyen IVA

Sheet RESUMEN ESTUDIO DE MERCADO
I1: =+'IPC PARA INDEXAR'!Y26/100 -> 0.0429
A2: DATOS DEL BIEN | F2: VALORES UNITARIOS CON IVA (3 cotizaciones válidas) | I2: VR HISTORICO INDEXADO 4,29% (IPC ENE-MAY 2026) | J2: ANÁLISIS ESTADÍSTICO | L2: PRECIOS TECHO - REFERENCIA
A3: Ítem | B3: Ficha | C3: Descripción del bien | D3: Unidad | E3: Cant. | F3: Cot.1 | G3: Cot.2 | H3: Cot.3 | I3: Histórico | J3: Promedio | K3: Mediana | L3: PRECIO UNITARIO | M3: PRESUPUESTO OFICIAL TOTAL | N3: PRESUPUESTO OFICIAL TOTAL CON MEDIANA | O3: Histórico
F4: Fund.Social | G4: Fund. | H4: Alramec | I4: GRUPO EMPRESARIAL JL SEFAIR S.A.S. | L4: OFICIAL | O4: GRUPO EMPRESARIAL JL SEFAIR S.A.S. | Q4: CONTROL GRUPO EMPRESARIAL SAS Cotizacion loca
F5: Creciendo | G5: Culbox | H5: SAS | O5: VR con IVA
A6: 1 | B6: Ficha 1 | C6: Colchoneta plegable | D6: Unidad | E6: 6123 | F6: 233240 | G6: 298690 | H6: 143229.59 | I6: =+O6*(1+$I$1) -> 176250.1 | J6: =AVERAGE(F6:I6) -> 212852.42 | K6: =MEDIAN(F6:I6) -> 204745.05 | L6: =+J6 -> 212852.42 | M6: =+E6*L6 -> 1.3032954e+09 | N6: =+E6*K6 -> 1.2536539e+09 | O6: 169000 | Q6: 1210000
A7: 2 | B7: Ficha 2 | C7: Colchoneta DRPA (no plegable, retardante) | D7: Unidad | E7: 45 | F7: 398650 | G7: 443870 | H7: 226799.72 | I7: 0 | J7: =AVERAGE(F7:H7) -> 356439.91 | K7: =MEDIAN(F7:H7) -> 398650 | L7: =+J7 -> 356439.91 | M7: =+E7*L7 -> 16039796 | N7: =+E7*K7 -> 17939250 | Q7: 1450000
A8: 3 | B8: Ficha 3 | C8: Colchoneta no plegable — Cárcel Distrital | D8: Unidad | E8: 1550 | F8: 343910 | G8: 355810 | H8: 345599.8 | I8: =+O8*(1+$I$1) -> 363972.1 | J8: =AVERAGE(F8:I8) -> 352322.97 | K8: =MEDIAN(F8:I8) -> 350704.9 | L8: =+J8 -> 352322.97 | M8: =+E8*L8 -> 5.4610061e+08 | N8: =+E8*K8 -> 543592595 | O8: 349000 | Q8: 1500000
A9: 4 | B9: Ficha 4 | C9: Almohada | D9: Unidad | E9: 1640 | F9: 55930 | G9: 64260 | H9: 42229.53 | I9: =+O9*(1+$I$1) -> 39630.2 | J9: =AVERAGE(F9:I9) -> 50512.432 | K9: =MEDIAN(F9:I9) -> 49079.765 | L9: =+J9 -> 50512.432 | M9: =+E9*L9 -> 82840389 | N9: =+E9*K9 -> 80490815 | O9: 38000 | Q9: 101900
A10: 5 | B10: Ficha 5 | C10: Forro para colchoneta | D10: Unidad | E10: 1550 | F10: 78540 | G10: 86870 | H10: 57989.89 | I10: =+O10*(1+$I$1) -> 58402.4 | J10: =AVERAGE(F10:I10) -> 70450.573 | K10: =MEDIAN(F10:I10) -> 68471.2 | L10: =+J10 -> 70450.573 | M10: =+E10*L10 -> 1.0919839e+08 | N10: =+E10*K10 -> 106130360 | O10: 56000 | Q10: 83900
A11: 6 | B11: Ficha 6 | C11: Ropa de cama (sábana, sobresábana y funda) DRPA | D11: Juego | E11: 90 | F11: 92820 | G11: 102340 | H11: 143830.54 | I11: 0 | J11: =AVERAGE(F11:H11) -> 112996.85 | K11: =MEDIAN(F11:H11) -> 102340 | L11: =+J11 -> 112996.85 | M11: =+E11*L11 -> 10169716 | N11: =+E11*K11 -> 9210600 | O11: 67000 | Q11: 113900
A12: 7 | B12: Ficha 7 | C12: Cobija térmica DRPA | D12: Unidad | E12: 180 | F12: 83181 | G12: 89250 | H12: 71400 | I12: 0 | J12: =AVERAGE(F12:H12) -> 81277 | K12: =MEDIAN(F12:H12) -> 83181 | L12: =+J12 -> 81277 | M12: =+E12*L12 -> 14629860 | N12: =+E12*K12 -> 14972580 | Q12: 102400
A13: 8 | B13: Ficha 8 | C13: Cubrelecho térmico | D13: Unidad | E13: 90 | F13: 122094 | G13: 133280 | H13: 226100 | I13: 0 | J13: =AVERAGE(F13:H13) -> 160491.33 | K13: =MEDIAN(F13:H13) -> 133280 | L13: =+J13 -> 160491.33 | M13: =+E13*L13 -> 14444220 | N13: =+E13*K13 -> 11995200 | Q13: 112000
A14: 9 | B14: Ficha 9 | C14: Cobija (Cárcel Distrital / CDT) | D14: Unidad | E14: 1550 | F14: 87108 | G14: 98770 | H14: 83300 | I14: 0 | J14: =AVERAGE(F14:H14) -> 89726 | K14: =MEDIAN(F14:H14) -> 87108 | L14: =+J14 -> 89726 | M14: =+E14*L14 -> 139075300 | N14: =+E14*K14 -> 135017400 | O14: 55000 | Q14: 40000
A15: 10 | B15: Ficha 10 | C15: Toalla de cuerpo | D15: Unidad | E15: 1640 | F15: 79730 | G15: 74970 | H15: 71400 | I15: =+O15*(1+$I$1) -> 58402.4 | J15: =AVERAGE(F15:I15) -> 71125.6 | K15: =MEDIAN(F15:I15) -> 73185 | L15: =+J15 -> 71125.6 | M15: =+E15*L15 -> 1.1664598e+08 | N15: =+E15*K15 -> 120023400 | O15: 56000 | Q15: 150000
A16: TOTALES — PRESUPUESTO OFICIAL | F16: =SUM(F6:F15) -> 1575203 | G16: =SUM(G6:G15) -> 1748110 | H16: =SUM(H6:H15) -> 1411879.1 | I16: =SUM(I6:I15) -> 696657.2 | J16: =SUM(J6:J15) -> 1558195.1 | K16: =SUM(K6:K15) -> 1550744.9 | L16: =SUM(L6:L15) -> 1558195.1 | M16: =SUM(M6:M15) -> 2.3524396e+09 | N16: =SUM(N6:N15) -> 2.2930261e+09 | Q16: =SUM(Q6:Q15) -> 4864100
B18: * Valores unitarios incluyen IVA

Sheet HISTORICOSS
H1: =+'IPC PARA INDEXAR'!Y26/100 -> 0.0429 | I1: =+'IPC PARA INDEXAR'!Y27/100 -> 0.1551
A2: DATOS DEL BIEN | F2: VALORES UNITARIOS CON IVA (3 cotizaciones válidas) | H2: VR HISTORICO INDEXADO 4,29% (IPC ENE-MAY 2026) | I2: VR HISTORICO INDEXADO 15,51% (IPC NOV 2023 a MAY 2026) | J2: ANÁLISIS ESTADÍSTICO
A3: Ítem | B3: Ficha | C3: Descripción del bien | D3: Unidad | E3: Cant. | F3: Cot.1 | G3: Cot.2 | H3: Histórico | I3: Histórico | J3: Promedio | K3: Mediana | L3: PRECIO UNITARIO | M3: PRESUPUESTO OFICIAL TOTAL | O3: Histórico
F4: Fund.Social | G4: Fund. | H4: GRUPO EMPRESARIAL JL SEFAIR S.A.S. | I4: ALRAMEC | L4: OFICIAL | O4: GRUPO EMPRESARIAL JL SEFAIR S.A.S.
F5: Creciendo | G5: Culbox | O5: VR con IVA
A6: 1 | B6: Ficha 1 | C6: Colchoneta plegable | D6: Unidad | E6: 6123 | F6: 233240 | G6: 298690 | H6: =+O6*(1+$H$1) -> 176250.1 | I6: =+Q6*(1+I1) -> 78706.204 | J6: =AVERAGE(F6:I6) -> 196721.58 | K6: =MEDIAN(F6:H6) -> 233240 | L6: =+J6 -> 196721.58 | M6: =+E6*L6 -> 1.2045262e+09 | O6: 169000 | Q6: 68138
A7: 2 | B7: Ficha 2 | C7: Colchoneta DRPA (no plegable, retardante) | D7: Unidad | E7: 45 | F7: 398650 | G7: 443870 | H7: 0 | J7: =AVERAGE(F7:G7) -> 421260 | K7: =MEDIAN(F7:G7) -> 421260 | L7: =+J7 -> 421260 | M7: =+E7*L7 -> 18956700
A8: 3 | B8: Ficha 3 | C8: Colchoneta no plegable — Cárcel Distrital | D8: Unidad | E8: 1550 | F8: 343910 | G8: 355810 | H8: =+O8*(1+$H$1) -> 363972.1 | J8: =AVERAGE(F8:H8) -> 354564.03 | K8: =MEDIAN(F8:H8) -> 355810 | L8: =+J8 -> 354564.03 | M8: =+E8*L8 -> 5.4957425e+08 | O8: 349000
A9: 4 | B9: Ficha 4 | C9: Almohada | D9: Unidad | E9: 1640 | F9: 55930 | G9: 64260 | H9: =+O9*(1+$H$1) -> 39630.2 | J9: =AVERAGE(F9:H9) -> 53273.4 | K9: =MEDIAN(F9:H9) -> 55930 | L9: =+J9 -> 53273.4 | M9: =+E9*L9 -> 87368376 | O9: 38000
A10: 5 | B10: Ficha 5 | C10: Forro para colchoneta | D10: Unidad | E10: 1550 | F10: 78540 | G10: 86870 | H10: =+O10*(1+$H$1) -> 58402.4 | J10: =AVERAGE(F10:H10) -> 74604.133 | K10: =MEDIAN(F10:H10) -> 78540 | L10: =+J10 -> 74604.133 | M10: =+E10*L10 -> 1.1563641e+08 | O10: 56000
A11: 6 | B11: Ficha 6 | C11: Ropa de cama (sábana, sobresábana y funda) DRPA | D11: Juego | E11: 90 | F11: 92820 | G11: 102340 | J11: =AVERAGE(F11:G11) -> 97580 | K11: =MEDIAN(F11:G11) -> 97580 | L11: =+J11 -> 97580 | M11: =+E11*L11 -> 8782200 | O11: 67000
A12: 7 | B12: Ficha 7 | C12: Cobija térmica DRPA | D12: Unidad | E12: 180 | F12: 83181 | G12: 89250 | H12: 0 | J12: =AVERAGE(F12:G12) -> 86215.5 | K12: =MEDIAN(F12:G12) -> 86215.5 | L12: =+J12 -> 86215.5 | M12: =+E12*L12 -> 15518790
A13: 8 | B13: Ficha 8 | C13: Cubrelecho térmico | D13: Unidad | E13: 90 | F13: 122094 | G13: 133280 | H13: 0 | J13: =AVERAGE(F13:G13) -> 127687 | K13: =MEDIAN(F13:G13) -> 127687 | L13: =+J13 -> 127687 | M13: =+E13*L13 -> 11491830
A14: 9 | B14: Ficha 9 | C14: Cobija (Cárcel Distrital / CDT) | D14: Unidad | E14: 1550 | F14: 87108 | G14: 98770 | J14: =AVERAGE(F14:G14) -> 92939 | K14: =MEDIAN(F14:G14) -> 92939 | L14: =+J14 -> 92939 | M14: =+E14*L14 -> 144055450 | O14: 55000
A15: 10 | B15: Ficha 10 | C15: Toalla de cuerpo | D15: Unidad | E15: 1640 | F15: 79730 | G15: 74970 | H15: =+O15*(1+$H$1) -> 58402.4 | J15: =AVERAGE(F15:H15) -> 71034.133 | K15: =MEDIAN(F15:H15) -> 74970 | L15: =+J15 -> 71034.133 | M15: =+E15*L15 -> 1.1649598e+08 | O15: 56000
A16: TOTALES — PRESUPUESTO OFICIAL | F16: =SUM(F6:F15) -> 1575203 | G16: =SUM(G6:G15) -> 1748110 | H16: =SUM(H6:H15) -> 696657.2 | J16: =SUM(J6:J15) -> 1575878.8 | K16: =SUM(K6:K15) -> 1624171.5 | L16: =SUM(L6:L15) -> 1575878.8 | M16: =SUM(M6:M15) -> 2.2724062e+09
B18: * Valores unitarios incluyen IVA | M18: 2432536247
M19: =+M16-M18 -> -1.6013005e+08

Sheet CORREOS COTIZ
A1: No. | B1: Empresa | C1: NIT | D1: Correo | E1: Región
A2: 1 | B2: Espumas Jireh | C2: 900853194 | D2: ventas@espumasjireh.com;gerencia@espumasjireh.com | E2: Bogotá D.C.
A3: 2 | B3: Grupo Espumas Santafé | C3: 800167200-6 | D3: nmoros@ramguiflex.com | E3: Bogotá D.C.
A4: 3 | D4: sabautista@falabella.gov.co | E4: Bogotá D.C.
A5: 4 | B5: Grupo Empresarial JL Sefair S.A.S | C5: 900197182-2 | D5: jlsefair@gmail.com | E5: Bogotá D.C.
A6: 5 | B6: Espumados S.A. | C6: 860036649-5 | D6: lider.licitaciones@espumadossa.com.co, angie.reyes@espumadossa.com.co | E6: Bogotá D.C.
A7: 6 | B7: Colchones Dota Hogar | C7: 98475036-1 | D7: gerencia@colchonesdotahogar.com | E7: Bogotá D.C.
A8: 7 | B8: El Palacio de la Espuma | C8: N/D | D8: elpalaciodelaespuma@yahoo.com | E8: Bogotá D.C.
A9: 8 | B9: Promoespuma | C9: N/D | D9: promoespuma1841.tyr@gmail.com | E9: Bogotá D.C.
A10: 9 | D10: funprodesarollo@hotmail.com
A11: 10 | B11: FUNDACION SOCIAL CRECIENDO | C11: 825001160-8 | D11: gerencia.funsocialcreciendo@gmail.com | E11: VALLEDUPAR
A12: 11 | B12: Multiespumas la 63 | C12: N/D | D12: multiespumas63@hotmail.com | E12: Bogotá D.C.
A13: 12 | B13: FUNDACION CULBOX | C13: 9002747269 | D13: fundacionculbox40@gmail.com | E13: El Molino-La Guajira
A15: No. | B15: Empresa | C15: NIT | D15: Correo | E15: Región
A16: 10 | B16: FUNDACION SOCIAL CRECIENDO | C16: 825001160-8 | D16: gerencia.funsocialcreciendo@gmail.com | E16: VALLEDUPAR
A17: 12 | B17: FUNDACION CULBOX | C17: 9002747269 | D17: fundacionculbox40@gmail.com | E17: El Molino-La Guajira
